 Dungeon Crawl Stone Soup version 0.23.2-11-gf996548c65 (webtiles) character file.

Game seed: 18275270393002294323

6554 teukkam the Cleaver (level 10, 0/81 HPs)
             Began as a Minotaur Fighter on June 3, 2019.
             Was an Elder of Fedhas.
             Slain by a six-headed hydra (11 damage)
             ... on level 12 of the Dungeon.
             The game lasted 00:39:03 (9166 turns).

teukkam the Cleaver (Minotaur Fighter)              Turns: 9166, Time: 00:39:04

Health: 0/81       AC: 17    Str: 23      XL:     10   Next: 70%
Magic:  13/13      EV:  9    Int:  5      God:    Fedhas [****..]
Gold:   544        SH: 11    Dex:  9 (11) Spells: 9/9 levels left

rFire    . . .     SeeInvis .   a - +0 war axe
rCold    + . .     Gourm    .   d - +0 shield
rNeg     . . .     Faith    .   m - +0 scale mail
rPois    .         Spirit   .   (helmet unavailable)
rElec    .         Reflect  .   Q - +1 cloak
rCorr    .         Harm     .   (no gloves)
MR       +....                  L - +0 pair of boots
Stlth    ..........             (no amulet)
HPRegen  0.23/turn              q - +5 ring of protection
MPRegen  0.13/turn              y - ring of protection from magic

@: no status effects
A: retaliatory headbutt, horns 3, cold resistance 1, frail 1, screaming 1
a: Fungal Bloom, Sunlight, Evolution, Growth, Reproduction, Renounce Religion


You were on level 12 of the Dungeon.
You worshipped Fedhas.
Fedhas was greatly pleased with you.
You were not hungry.

You visited 1 branch of the dungeon, and saw 12 of its levels.

You collected 654 gold pieces.
You spent 110 gold pieces at shops.

Inventory:

Hand Weapons
 a - a +0 war axe (weapon)
 b - a +0 hunting sling
 c - a +1 whip of flaming
 J - a +2 whip of venom
 S - a +2 dire flail
 T - a +0 trident of protection
 V - a cursed +0 whip
 X - a +1 scimitar of holy wrath
 Y - a +3 dagger of flaming
Missiles
 j - 102 bolts
 n - 477 stones (quivered)
 r - 130 arrows
 u - 137 sling bullets
 v - 2 throwing nets
 N - 22 tomahawks
Armour
 d - a +0 shield (worn)
 m - a +0 scale mail (worn)
 L - a +0 pair of boots (worn)
 Q - a +1 cloak (worn)
Magical Staves
 i - an uncursed staff of summoning
 M - an uncursed staff of wizardry {unknown}
Jewellery
 q - a +5 ring of protection (left hand)
 y - a ring of protection from magic (right hand)
Wands
 R - a wand of flame (16)
 U - a wand of paralysis (5)
 W - a wand of disintegration (8)
Scrolls
 e - 9 scrolls of identify
 h - 6 scrolls of remove curse
 k - 2 scrolls of random uselessness {unknown}
 o - a scroll of enchant armour {unknown}
 s - a scroll of immolation {unknown}
 w - 4 scrolls of fog {unknown}
 x - 3 scrolls of blinking {unknown}
 F - a scroll of enchant weapon {unknown}
 H - a scroll of fear {unknown}
 I - a scroll of noise {unknown}
 O - 2 scrolls of magic mapping
 P - 3 scrolls of amnesia {unknown}
Potions
 l - 4 potions of degeneration {unknown}
 p - 3 potions of haste {unknown}
 t - 2 potions of curing
 z - 2 potions of might
 A - a potion of invisibility {unknown}
 B - 2 potions of cancellation {unknown}
 C - 2 potions of agility {unknown}
 E - 2 potions of lignification {unknown}
 G - 3 potions of berserk rage {unknown}
 K - 2 potions of brilliance {unknown}
 Z - a potion of heal wounds
Comestibles
 f - 6 rations


   Skills:
 + Level 9.2 Fighting
 + Level 9.6 Axes
 - Level 3.2 Slings
 + Level 9.4 Armour
 - Level 1.1 Dodging
 + Level 9.4 Shields
 + Level 6.4 Invocations


You had 9 spell levels left.
You didn't know any spells.
Your spell library contained the following spells:

 Spells                   Type           Power        Failure   Level  Hunger
 Freeze                   Ice            #...         94%         1    ##.....
 Throw Frost              Conj/Ice       #.....       98%         2    ###....
 Ozocubu's Armour         Chrm/Ice       #.......     100%        3    ####...
 Summon Ice Beast         Ice/Summ       #.......     100%        4    #####..
 Throw Icicle             Conj/Ice       #.......     100%        4    #####..


Dungeon Overview and Level Annotations

Branches:
Dungeon (12/15)            Temple (0/1) D:5
   Lair: D:8-11         Orc: D:9-12

Altars:
Ashenzari
Elyvilon
Fedhas
Gozag
Wu Jian
Xom

Shops:
D:9 }   D:10 !:*[


Innate Abilities, Weirdness & Mutations

You reflexively headbutt those who attack you in melee.
You have a pair of large horns on your head.
Your flesh is cold resistant. (rC+)
You are frail. (-10% HP)
You occasionally shout uncontrollably at your foes.


Message History

Evoke which item? (* to show all) (? for menu, Esc to quit)
Aiming: Paralyse
Press: ? - help, Shift-Dir - straight line, f/p - six-headed hydra
Aim: a six-headed hydra (chance to defeat MR: 15%)
The six-headed hydra resists with almost no effort.
* * * LOW HITPOINT WARNING * * *
You feel sick. The six-headed hydra barely misses you. You furiously retaliate!
You headbutt the six-headed hydra.
The six-headed hydra bites you but does no damage. x3
The six-headed hydra misses you.
The six-headed hydra bites you but does no damage.
Evoke which item? (* to show all) (? for menu, Esc to quit)
Okay, then.
You feel better.
The six-headed hydra bites you but does no damage.
The six-headed hydra bites you.
* * * LOW HITPOINT WARNING * * *
The six-headed hydra bites you!
You die...
Fedhas appreciates your contribution to the ecosystem.

. ###########
.##########.........#
..........+.........#
..........#.........#
..........#......D..#
#.....# #.....@...#
#.....#########+###
#..........#
#..........#
#..........#
#.######†K.#
#.######.55###########
.....................#
............445.......#


You could see a six-headed hydra.

Vanquished Creatures
  2 two-headed ogres (D:10)
  A cyclops (D:11)
  A hornet (D:9)
  2 hippogriffs
  A wyvern (D:8)
  3 yaks (D:9)
  Menkaure (D:5)
  Duvessa (D:7)
  An orc warrior (D:6)
  A necrophage (D:10)
  2 black bears
  5 ice beasts
  5 ogres
  A centaur (D:10)
  2 big kobolds (D:3)
  3 bullfrogs
  Dowan (D:7)
  2 scorpions
  4 wights (D:10)
  2 howler monkeys (D:9)
  4 crimson imps
  2 quasits
  6 hounds
  3 jellies
  4 orc wizards
  3 bullfrog skeletons
  3 orc priests
  2 centaur skeletons (D:4)
  12 worker ants
  A killer bee zombie (D:10)
  2 hound skeletons (D:4)
  A worker ant zombie (D:10)
  9 gnolls (D:3)
  5 adders
  3 shadow imps
  An adder zombie (D:5)
  2 worms
  3 dart slugs
  3 leopard geckos
  40 orcs
  5 giant cockroaches
  34 goblins
  36 hobgoblins
  4 iguanas
  3 jackals (D:3)
  8 kobolds
  A quokka (D:8)
  A ball python (D:3)
  10 bats
  3 frilled lizards
  2 quokka zombies
  6 rats
263 creatures vanquished.

Vanquished Creatures (others)
  178 toadstools
178 creatures vanquished.

Grand Total: 441 creatures vanquished

Notes
Turn   | Place    | Note
-------+----------+-------------------------------------------
     0 | D:1      | teukkam the Minotaur Fighter began the quest for the Orb.
     0 | D:1      | Reached XP level 1. HP: 19/19 MP: 0/0
   135 | D:2      | Reached XP level 2. HP: 22/27 MP: 1/1
   141 | D:2      | Reached XP level 3. HP: 27/33 MP: 2/2
   214 | D:2      | Found a shimmering altar of Xom.
   240 | D:2      | Reached XP level 4. HP: 40/40 MP: 3/3
   266 | D:2      | Found a shattered altar of Ashenzari.
   267 | D:2      | Found a blossoming altar of Fedhas.
   267 | D:2      | Found a white marble altar of Elyvilon.
   296 | D:2      | Found an ornate altar of the Wu Jian Council.
   299 | D:2      | Became a worshipper of Fedhas Madash
  1294 | D:2      | Reached XP level 5. HP: 45/47 MP: 4/4
  1306 | D:2      | Reached skill level 1 in Slings
  1357 | D:2      | Reached * piety under Fedhas
  2094 | D:3      | Found an opulent altar of Gozag.
  2433 | D:3      | Reached XP level 6. HP: 43/53 MP: 5/5
  2545 | D:3      | Reached ** piety under Fedhas
  2549 | D:3      | Reached skill level 5 in Armour
  2595 | D:3      | Reached skill level 1 in Dodging
  2710 | D:3      | Reached skill level 5 in Axes
  2732 | D:3      | Reached *** piety under Fedhas
  2860 | D:3      | Reached skill level 5 in Shields
  2866 | D:3      | Reached XP level 7. HP: 43/60 MP: 6/6
  3285 | D:4      | Upgraded the game from 0.23.2-1-ga50397a to
                  | 0.23.2-11-gf996548c65
  3453 | D:4      | Reached skill level 5 in Fighting
  3590 | D:4      | Reached skill level 1 in Invocations
  3648 | D:4      | Reached **** piety under Fedhas
  3841 | D:5      | Entered Level 5 of the Dungeon
  3983 | D:5      | Found a staircase to the Ecumenical Temple.
  4088 | D:5      | Noticed Menkaure
  4094 | D:5      | Killed Menkaure
  4094 | D:5      | Reached XP level 8. HP: 6/70 MP: 8/8
  5899 | D:7      | Noticed a hippogriff
  5910 | D:7      | Killed a hippogriff
  6119 | D:7      | Reached XP level 9. HP: 78/78 MP: 10/10
  6121 | D:7      | Noticed Duvessa
  6122 | D:7      | Noticed Dowan
  6140 | D:7      | Killed Duvessa
  6142 | D:7      | Killed Dowan
  7415 | D:9      | Reached skill level 5 in Invocations
  7623 | D:9      | Found Lunopog's Gadget Emporium.
  7786 | D:9      | Reached XP level 10. HP: 37/88 MP: 12/12
  7812 | D:9      | Gained mutation: You are agile. (Dex +2) [potion of
                  | mutation]
  7812 | D:9      | Gained mutation: Your magical capacity is low. (-10% MP)
                  | [potion of mutation]
  7812 | D:9      | Gained mutation: You do not regenerate when monsters are
                  | visible. [potion of mutation]
  7812 | D:9      | Gained mutation: You are resistant to hostile enchantments.
                  | (MR+) [potion of mutation]
  8120 | D:8      | Lost mutation: You are resistant to hostile enchantments.
                  | (MR+) [potion of mutation]
  8120 | D:8      | Lost mutation: You are agile. (Dex +2) [potion of mutation]
  8120 | D:8      | Lost mutation: You do not regenerate when monsters are
                  | visible. [potion of mutation]
  8120 | D:8      | Gained mutation: Your spells are a little harder to cast,
                  | but a little more powerful. [potion of mutation]
  8121 | D:8      | Lost mutation: Your magical capacity is low. (-10% MP)
                  | [potion of mutation]
  8121 | D:8      | Lost mutation: Your spells are a little harder to cast, but
                  | a little more powerful. [potion of mutation]
  8121 | D:8      | Gained mutation: You tend to lose your temper in combat.
                  | [potion of mutation]
  8121 | D:8      | Gained mutation: You expend magic power (3 MP) to
                  | strengthen your wands. [potion of mutation]
  8206 | D:10     | Entered Level 10 of the Dungeon
  8219 | D:10     | Lost mutation: You expend magic power (3 MP) to strengthen
                  | your wands. [potion of mutation]
  8219 | D:10     | Lost mutation: You tend to lose your temper in combat.
                  | [potion of mutation]
  8219 | D:10     | Gained mutation: You occasionally shout uncontrollably at
                  | your foes. [potion of mutation]
  8219 | D:10     | Gained mutation: You do not regenerate when monsters are
                  | visible. [potion of mutation]
  8219 | D:10     | Gained mutation: You have a pair of large horns on your
                  | head. [potion of mutation]
  8220 | D:10     | Lost mutation: You have a pair of large horns on your head.
                  | [potion of mutation]
  8220 | D:10     | Lost mutation: You do not regenerate when monsters are
                  | visible. [potion of mutation]
  8220 | D:10     | Gained mutation: You are frail. (-10% HP) [potion of
                  | mutation]
  8220 | D:10     | Gained mutation: You have a pair of large horns on your
                  | head. [potion of mutation]
  8220 | D:10     | Gained mutation: Your flesh is cold resistant. (rC+)
                  | [potion of mutation]
  8241 | D:10     | Found Kextinen's Antique Armour Emporium.
  8333 | D:10     | Found Bood's Book Emporium.
  8431 | D:10     | Noticed a two-headed ogre
  8468 | D:10     | Killed a two-headed ogre
  8742 | D:10     | Found Doshruci's General Store.
  8770 | D:10     | Bought a scroll of magic mapping for 45 gold pieces
  8826 | D:10     | Found Heunnucw's Distillery.
  8834 | D:10     | Bought a potion of heal wounds for 65 gold pieces
  8884 | D:10     | Noticed a two-headed ogre
  8893 | D:10     | Killed a two-headed ogre
  9085 | D:11     | Noticed a cyclops
  9101 | D:11     | Killed a cyclops
  9153 | D:12     | Noticed an orange demon
  9162 | D:12     | Noticed a six-headed hydra
  9166 | D:12     | Slain by a six-headed hydra

Skill      XL: |  1  2  3  4  5  6  7  8  9 10 |
---------------+-------------------------------+-----
Fighting       | 4 5 6 8 9 |  9.2
Armour         | 4 5 6 7 8 9 |  9.4
Shields        | 4 5 7 8 9 |  9.4
Axes           | 3 4 5 6 7 8 9 |  9.6
Slings         | 2 3 |  3.2
Dodging        | 1 |  1.1
Invocations    | 2 3 5 6 |  6.4

Action                   |  1- 3 |  4- 6 |  7- 9 | 10-12 || total
-------------------------+-------+-------+-------+-------++-------
Melee: War axe           |    20 |   206 |   324 |    42 ||   592
       Headbutt          |     3 |    22 |    73 |    28 ||   126
       Whip              |       |       |    13 |       ||    13
       Scimitar          |       |       |       |    35 ||    35
       Dagger            |       |       |       |    28 ||    28
 Fire: Hunting sling     |       |    46 |    40 |    12 ||    98
Invok: Fungal Bloom      |       |    36 |    23 |     7 ||    66
       Growth            |       |       |     1 |       ||     1
       Evolution         |       |       |     1 |       ||     1
Evoke: Wand              |       |       |     2 |    12 ||    14
  Use: Scroll            |       |     1 |     2 |     2 ||     5
       Potion            |       |     1 |       |     8 ||     9
 Stab: Paralysed         |       |       |     8 |    13 ||    21
  Eat: Ration            |       |     2 |     4 |     1 ||     7
       Chunk             |       |       |     3 |       ||     3
Armor: Scale mail        |     4 |   105 |   187 |    53 ||   349
Dodge: Dodged            |     5 |    87 |   123 |    39 ||   254
Block: Shield            |     6 |   151 |   212 |    71 ||   440
       Rpst.: Scimitar   |       |       |       |     8 ||     8
